 Dungeon Crawl Stone Soup version 0.28.0-43-g3370ac3207 (webtiles) character file.

Game seed: 406102677854768662

270 terff the Chopper (level 6, -8/53 HPs)
             Began as a Hill Orc Fighter on Apr 1, 2022.
             Mangled by Duvessa
             ... wielding a +0 short sword
              (10 damage)
             ... on level 4 of the Dungeon.
             The game lasted 00:05:16 (3789 turns).

terff the Chopper (Hill Orc Fighter)                Turns: 3789, Time: 00:05:16

Health: -8/53      AC: 14    Str: 19    XL:     6   Next: 22%
Magic:  6/6        EV:  7    Int:  8    God:
Gold:   144        SH:  5    Dex: 12    Spells: 5/5 levels left

rFire   . . .      SeeInvis .   k - +2 whip (freeze)
rCold   . . .      Faith    .   c - +0 buckler
rNeg    . . .      Spirit   .   p - +0 chain mail
rPois   .          Reflect  .   j - +1 helmet
rElec   .          Harm     .   l - +0 cloak
rCorr   .          Rampage  .   f - +0 pair of gloves
Will    .....                   (no boots)
Stlth   ..........              (no amulet)
HPRegen 0.17/turn               (no ring)
MPRegen 0.10/turn               (no ring)

@: about to teleport
A: no striking features
a: no special abilities


You were on level 4 of the Dungeon.
You visited 1 branch of the dungeon, and saw 4 of its levels.

You collected 144 gold pieces.

Inventory:

Hand Weapons
 a - a +1 war axe
 k - a +2 whip of freezing (weapon)
Armour
 b - a +0 scale mail
 c - a +0 buckler (worn)
 f - a +0 pair of gloves (worn)
 g - a +1 leather armour of cold resistance
 j - a +1 helmet (worn)
 l - a +0 cloak (worn)
 p - a +0 chain mail (worn)
Wands
 m - a wand of polymorph (11)
Potions
 d - a potion of might
 e - a potion of curing {unknown}
 h - a potion of flight {unknown}
 i - a potion of attraction {unknown}
 n - a potion of ambrosia


   Skills:
 + Level 4.4 Fighting
 + Level 4.6(5.2) Axes
 + Level 2.9(3.8) Maces & Flails
 + Level 4.2 Armour
 + Level 1.0 Dodging
 + Level 0.3 Stealth
 + Level 4.1 Shields


You had 5 spell levels left.
You didn't know any spells.
Your spell library was empty.

Dungeon Overview and Level Annotations

Branches:
Dungeon (4/15)
 Temple: D:4-7

Altars:
Dithmenos
Ru

Annotations:
D:4 Duvessa


Message History

You are no longer poisoned.
You start resting.
HP restored.
Duvessa shouts!
Duvessa goes berserk!
Duvessa rages.
You whack Duvessa! You freeze Duvessa.
Duvessa is lightly wounded.
Duvessa closely misses you.
You closely miss Duvessa.
Duvessa is lightly wounded.
Duvessa closely misses you. Duvessa hits you but does no damage.
You hit Duvessa. You freeze Duvessa.
Duvessa is moderately wounded.
Duvessa hits you with a +0 short sword. Duvessa hits you with a +0 short sword!
You whack Duvessa! You freeze Duvessa.
Duvessa is heavily wounded.
You block Duvessa's attack.
You closely miss Duvessa.
Duvessa is heavily wounded.
Duvessa closely misses you.
You hit Duvessa. You freeze Duvessa.
Duvessa is heavily wounded.
Duvessa completely misses you. Duvessa barely misses you.
You whack Duvessa! You freeze Duvessa.
Duvessa is severely wounded.
Duvessa hits you with a +0 short sword!
You hit Duvessa but do no damage.
Duvessa is severely wounded.
Duvessa hits you with a +0 short sword! Duvessa hits you with a +0 short sword.
* * * LOW HITPOINT WARNING * * *
You hit Duvessa. You freeze Duvessa.
Duvessa is almost dead.
Duvessa hits you with a +0 short sword!
* * * LOW HITPOINT WARNING * * *
Duvessa misses you.
As you read the scroll of teleportation, it crumbles to dust.
You feel strangely unstable. You block Duvessa's attack.
Duvessa hits you with a +0 short sword!
You die...

≈.......≈..###..#
≈≈≈≈≈≈≈≈≈..# #.##
..... #..# ##.#.
#..# ... ##.##
#)# ##...# #.#
##..###
#e######.###
#.@.....##
######.## ##..##
#######..## ####
#.......## ....
....####..## ....
# ##..# ..).
##.## .... #..#


You could see Duvessa (berserk).

Vanquished Creatures
  A necrophage (D:4)
  Dowan (D:4)
  A hound (D:4)
  3 adders (D:2)
  An adder skeleton (D:4)
  3 worms
  A dart slug (D:3)
  An orc (D:3)
  4 endoplasms
  3 giant cockroaches
  7 goblins
  4 hobgoblins
  4 jackals (D:1)
  2 quokkas (D:1)
  5 ball pythons
  9 bats
  6 frilled lizards
  7 kobolds
  2 rats
65 creatures vanquished.

Notes
Turn   | Place    | Note
-------+----------+-------------------------------------------
     0 | D:1      | terff the Hill Orc Fighter began the quest for the Orb.
     0 | D:1      | Reached XP level 1. HP: 19/19 MP: 1/1
   150 | D:1      | Reached XP level 2. HP: 27/27 MP: 2/2
   682 | D:1      | Reached XP level 3. HP: 20/33 MP: 3/3
  1923 | D:2      | Reached XP level 4. HP: 32/40 MP: 4/4
  2563 | D:3      | Found a faded altar of an unknown god.
  3175 | D:4      | Found a shadowy altar of Dithmenos.
  3175 | D:4      | Found a sacrificial altar of Ru.
  3185 | D:4      | Noticed Duvessa
  3231 | D:4      | Noticed a necrophage
  3248 | D:4      | Killed a necrophage
  3249 | D:4      | Reached skill level 1 in Maces & Flails
  3249 | D:4      | Reached skill level 1 in Dodging
  3249 | D:4      | Reached XP level 5. HP: 28/47 MP: 5/5
  3577 | D:4      | Noticed Dowan
  3588 | D:4      | Killed Dowan
  3589 | D:4      | Reached XP level 6. HP: 32/53 MP: 6/6
  3786 | D:4      | HP: 1/53 [Duvessa/+0 short sword (14)]
  3789 | D:4      | Mangled by Duvessa

Illustrated notes

Levels and vault maps discovered:
D:1:      scummos_arrival_forest, layout_rooms, nicolae_wormholes
D:2:      layout_basic
D:3:      layout_loops_cross, hellmonk_ecumenical_altar_heavens_door
D:4:      layout_cave_pods, mainiacjoe_overflow_catwalk_spiral, uniq_duvessa

Skill      XL: |  1  2  3  4  5 |
---------------+----------------+-----
Axes           | 3 4 |  4.6
Armour         | 4 |  4.2
Fighting       | 4 |  4.4
Maces & Flails | 1 2 |  2.9
Dodging        | 1 |  1.0
Shields        | 4 |  4.1
Stealth        | |  0.3

Action                   |  1- 3 |  4- 6 || total
-------------------------+-------+-------++-------
Melee: War axe           |   108 |    22 ||   130
       Whip              |       |    74 ||    74
  Use: Scroll            |     3 |     3 ||     6
 Stab: Distracted        |     1 |       ||     1
Armor: Scale mail        |    99 |    29 ||   128
       Chain mail        |       |    12 ||    12
Dodge: Dodged            |    81 |    48 ||   129
Block: Buckler           |    52 |    21 ||    73
